 Dungeon Crawl Stone Soup version 0.30-a0-639-g3916f1956a (webtiles) character file.

Game seed: 5383970272785632055

4388 pokeman the Thaumaturge (level 10, -2/56 HPs)
             Began as a Deep Elf Hedge Wizard on Jan 16, 2023.
             Was a Follower of Vehumet.
             Slain by a troll (11 damage)
             ... on level 9 of the Dungeon.
             The game lasted 00:17:41 (9820 turns).

pokeman the Thaumaturge (Deep Elf Hedge Wizard)     Turns: 9820, Time: 00:17:42

Health: -2/56      AC:  9    Str:  7    XL:     10   Next: 13%
Magic:  26/28      EV: 13    Int: 24    God:    Vehumet [*.....]
Gold:   315        SH:  0    Dex: 14    Spells: 26/34 levels left

rFire   . . .      SeeInvis .    D - +3 quarterstaff (spect)
rCold   . . .      Faith    .    (shield currently unavailable)
rNeg    . . .      Spirit   .    F - +0 steam dragon scales
rPois   +          Reflect  .    H - +0 helmet
rElec   .          Harm     .    B - +0 cloak
rCorr   +          Rampage  .    (no gloves)
Will    +....                    m - +0 pair of boots
Stlth   ++                       (no amulet)
HPRegen 0.29/turn                j - ring of resist corrosion
MPRegen 0.21/turn                x - ring of poison resistance

@: no status effects
A: no striking features
a: Renounce Religion


You were on level 9 of the Dungeon.
You worshipped Vehumet.
Vehumet was aware of your devotion.
You visited 2 branches of the dungeon, and saw 10 of its levels.

You collected 315 gold pieces.

Inventory:

Hand Weapons
 t - a +0 dagger of venom
 A - a +3 quarterstaff of chaos
 D - a +3 spectral quarterstaff (weapon)
Missiles
 E - 3 curare-tipped darts
Armour
 b - a +0 buckler
 m - a +0 pair of boots (worn)
 v - the +5 ring mail of the Marlin {rPois Regen+ Str+2 Slay+3}
   (You found it on level 4 of the Dungeon)

   Str:       It affects your strength (+2).
   Slay:      It affects your accuracy & damage with ranged weapons and melee
   (+3).
   rPois:     It protects you from poison.
   Regen:     It increases your rate of health regeneration.
 B - a +0 cloak (worn)
 F - +0 steam dragon scales (worn)
 H - a +0 helmet (worn)
Magical Staves
 l - a staff of cold
Jewellery
 j - a ring of resist corrosion (left hand)
 w - an amulet of guardian spirit
 x - a ring of poison resistance (right hand)
Wands
 y - a wand of mindburst (29)
Scrolls
 a - 4 scrolls of blinking {unknown}
 e - 2 scrolls of summoning {unknown}
 h - 9 scrolls of identify {unknown}
 k - 2 scrolls of immolation {unknown}
 n - a scroll of fog {unknown}
 o - a scroll of torment {unknown}
 q - 3 scrolls of teleportation {unknown}
 s - a scroll of silence {unknown}
 z - 4 scrolls of noise {unknown}
 G - a scroll of poison {unknown}
 J - a scroll of brand weapon {unknown}
Potions
 c - a potion of brilliance {unknown}
 d - a potion of magic
 f - 3 potions of curing {unknown}
 g - a potion of flight {unknown}
 i - a potion of haste {unknown}
 p - a potion of experience {unknown}
 r - 3 potions of heal wounds {unknown}
 u - 3 potions of mutation {unknown}
 C - a potion of lignification {unknown}
 I - a potion of cancellation {unknown}
 K - a potion of might {unknown}


   Skills:
 - Level 3.0 Fighting
 - Level 3.1 Armour
 - Level 3.1 Dodging
 - Level 3.0 Stealth
 + Level 1.9 Shields
 * Level 12.9 Spellcasting
 + Level 7.2 Conjurations
 + Level 6.3 Summonings
 - Level 1.1 Translocations
 - Level 1.2 Ice Magic
 - Level 1.0 Air Magic
 - Level 1.2 Poison Magic
 - Level 1.1 Evocations


You had 26 spell levels left.
You knew the following spells:

 Your Spells              Type           Power      Damage    Failure   Level
a - Magic Dart            Conj           100%       1d8       1%          1
b - Mephitic Cloud        Conj/Pois/Air  30%        N/A       3%          3
c - Call Imp              Summ           45%        N/A       1%          2
d - Blink                 Tloc           40%        N/A       3%          2

Your spell library contained the following spells:

 Spells                   Type           Power      Damage    Failure   Level
 Sandblast                Erth           30%        2d9       4%          1
 Slow                     Hex            60%        N/A       4%          1
 Cigotuvi's Dreadful Rot  Necr/Pois/Air  38%        N/A       4%          2
 Confusing Touch          Hex            15%        N/A       12%         3
 Vampiric Draining        Necr           15%        2d7       12%         3


Dungeon Overview and Level Annotations

Branches:
Dungeon (9/15)             Temple (1/1) D:4
   Lair: D:8-11         Orc: D:9-12

Altars:
Ashenzari
Cheibriados
Dithmenos
Elyvilon
Fedhas
Gozag
Makhleb
Nemelex Xobeh
Okawaru
Qazlal
Ru
Sif Muna
Trog
Uskayaw
Vehumet
Xom
Yredelemnul
Zin
The Shining One

Shops:
D:4 =:

Annotations:
D:8 Gastronok


Message History

Casting: Magic Dart (safe; 1% risk of failure)
Confirm with . or Enter, or press ? or * to list all spells.
Aiming: Mephitic Cloud (dangerous; 3% risk of failure)
Press: ? - help, Shift-Dir - straight line, f/p - troll
Aim: a troll (lightly wounded, chance to affect: 67%)
The ball explodes into a vile cloud!
The stinking cloud engulfs the troll but does no damage.
The troll is lightly wounded.
You hear a shout! x2
The troll is engulfed in noxious fumes.
You hit the troll.
The troll is lightly wounded.
Your +3 spectral quarterstaff hits the troll!
The troll is engulfed in noxious fumes.
The troll appears confused.
An orc wizard comes into view. It is wielding a +0 dagger.
The troll is engulfed in noxious fumes.
The troll appears confused.
The troll bites you! The troll completely misses you. The troll claws you!
You barely miss the troll.
The troll is moderately wounded.
Your +3 spectral quarterstaff hits the troll!
The troll is engulfed in noxious fumes.
The troll bites you! The troll claws you. The troll closely misses you.
An orc comes into view. It is wielding a +0 short sword.
You catch the helpless troll completely off-guard!
You hit the troll.
The troll is heavily wounded.
Your +3 spectral quarterstaff hits the troll!
The orc wizard casts a spell at you.
The magic dart hits you but does no damage.
You hit the troll but do no damage.
The troll is severely wounded.
Your +3 spectral quarterstaff barely misses the troll.
The orc wizard mumbles some strange words.
The orc wizard flickers and vanishes!
Deactivating autopickup; reactivate with Ctrl-A.
The troll shouts, "What's happening?!"
The troll bites you!
* * * LOW HITPOINT WARNING * * *
The troll claws you!
You die...

#.. #..# #..# #..# #
#..# #..# #. #..# #<.#
#..###..######..######
.....................
.....................
..###..............##
#T@............#
#.(°..........[#
#................
................#.
.......$$.........#
..{.o..####........
.......# .....
.......# .....


You could see a troll (confused), an orc and a friendly +3 spectral quarterstaff
(summoned).

Vanquished Creatures
  Joseph (D:7)
  12 yaks
  A steam dragon (D:7)
  An orc warrior (D:7)
  A sky beast (D:7)
  2 black bears
  An ogre (D:5)
  2 phantoms
  A kobold brigand (D:7)
  3 bullfrogs
  A wyvern zombie (D:6)
  A necrophage (D:5)
  2 scorpions
  7 wights
  A howler monkey (D:7)
  3 bullfrog zombies (D:6)
  2 orc priests
  4 hounds
  A jelly (D:8)
  Crazy Yiuf (D:5)
  3 iguanas
  3 orc wizards
  A killer bee zombie (D:6)
  2 howler monkey zombies (D:6)
  6 adders
  A shadow imp (D:8)
  A white imp (D:6)
  2 worms
  3 dart slugs
  16 orcs
  5 bats
  9 endoplasms
  8 giant cockroaches
  14 goblins
  8 hobgoblins
  4 jackals
  2 quokkas
  11 ball pythons
  4 frilled lizards
  9 kobolds
  12 rats
172 creatures vanquished.

Vanquished Creatures (others)
  An orc priest (D:4)
  5 plants (D:3)
6 creatures vanquished.

Grand Total: 178 creatures vanquished

Notes
Turn   | Place    | Note
-------+----------+-------------------------------------------
     0 | D:1      | pokeman the Deep Elf Hedge Wizard began the quest for the
                  | Orb.
     0 | D:1      | Reached XP level 1. HP: 10/10 MP: 7/7
   143 | D:1      | Reached XP level 2. HP: 16/16 MP: 2/9
   662 | D:1      | Reached skill level 5 in Spellcasting
   936 | D:1      | Reached XP level 3. HP: 20/20 MP: 6/11
   940 | D:1      | Learned a level 3 spell: Mephitic Cloud
   943 | D:1      | Learned a level 2 spell: Call Imp
   946 | D:1      | Learned a level 2 spell: Blink
  1375 | D:2      | Found a burning altar of Makhleb.
  1538 | D:2      | Reached skill level 1 in Armour
  1599 | D:2      | Reached skill level 1 in Fighting
  2361 | D:2      | Reached XP level 4. HP: 25/25 MP: 8/13
  3603 | D:4      | Found a shimmering blue altar of Sif Muna.
  3604 | D:4      | Identified the +5 ring mail of the Marlin {rPois Regen+
                  | Str+2 Slay+3}
  3608 | D:4      | Noticed a scorpion
  3620 | D:4      | Killed a scorpion
  3621 | D:4      | Reached skill level 6 in Spellcasting
  3621 | D:4      | Reached skill level 1 in Evocations
  3621 | D:4      | Reached XP level 5. HP: 29/29 MP: 8/15
  3737 | D:4      | Found a glowing silver altar of Zin.
  3801 | D:4      | Found a white marble altar of Elyvilon.
  3869 | D:4      | Found Ochyetei's One-of-a-Kind Rings.
  3936 | D:4      | Noticed a phantom
  3951 | D:4      | HP: 1/29 [phantom (6)]
  3956 | D:4      | Killed a phantom
  3957 | D:4      | Reached skill level 1 in Ice Magic
  3957 | D:4      | Reached skill level 1 in Poison Magic
  3957 | D:4      | Reached XP level 6. HP: 2/34 MP: 0/17
  4175 | D:4      | Found Qecluhue's Book Emporium.
  4348 | D:4      | Found a staircase to the Ecumenical Temple.
  4357 | Temple   | Entered the Ecumenical Temple
  4635 | D:5      | Entered Level 5 of the Dungeon
  4666 | D:5      | Reached skill level 7 in Spellcasting
  5043 | D:5      | Reached skill level 1 in Air Magic
  5383 | D:5      | Reached XP level 7. HP: 33/38 MP: 12/20
  5570 | D:5      | Reached skill level 8 in Spellcasting
  5635 | D:5      | Found a runed translucent door.
  5636 | D:5      | Noticed Crazy Yiuf
  5797 | D:5      | Killed Crazy Yiuf
  6400 | D:5      | HP: 1/37 [wight/+3 morningstar (7)]
  6627 | D:6      | Reached skill level 9 in Spellcasting
  6627 | D:6      | Reached XP level 8. HP: 34/45 MP: 18/23
  6818 | D:6      | Found a basalt altar of Yredelemnul.
  7430 | D:6      | Reached skill level 5 in Conjurations
  7477 | D:6      | Found a snail-covered altar of Cheibriados.
  7798 | D:7      | Noticed Joseph
  7818 | D:7      | Killed Joseph
  7819 | D:7      | Reached skill level 10 in Spellcasting
  8135 | D:7      | Reached XP level 9. HP: 50/50 MP: 23/25
  8192 | D:7      | Found a radiant altar of Vehumet.
  8198 | D:7      | Became a worshipper of Vehumet
  8305 | D:7      | Reached skill level 11 in Spellcasting
  8309 | D:7      | Reached skill level 5 in Summonings
  8535 | D:7      | Reached skill level 12 in Spellcasting
  8765 | D:7      | Found an iron altar of Okawaru.
  8998 | D:8      | Noticed Gastronok
  9027 | D:8      | Reached * piety under Vehumet
  9027 | D:8      | Offered knowledge of Sandblast by Vehumet.
  9049 | D:8      | Reached skill level 1 in Shields
  9058 | D:8      | Reached XP level 10. HP: 41/56 MP: 21/28
  9820 | D:9      | Slain by a troll

Illustrated notes

Levels and vault maps discovered:
D:1:      scummos_arrival_simple_crosswalls, layout_basic, serial_bayou_crossing
D:2:      kb_forest_paths, layout_basic, basic_altar, st_stairs_4
D:3:      layout_rooms, serial_forest, infiniplex_forest_lined_3_way,
          infiniplex_forest_lined_ring, infiniplex_forest_zigzag_2,
          infiniplex_forest_clump_large, infiniplex_forest_side_room,
          infiniplex_forest_straight_3, infiniplex_forest_lined_corner,
          infiniplex_forest_straight_3, infiniplex_forest_clump_tiny
D:4:      layout_rooms, kennysheep_mini_moat, nicolae_sif_muna_condensation,
          nicolae_overflow_crystal_walls, lemuel_temple_firewalk_b,
          serial_shops, nicolae_shop_crystal, nicolae_shop_unique_rings,
          minmay_curled_crystal
D:5:      layout_gridville, uniq_crazy_yiuf_cottage
D:6:      layout_basic, nicolae_yredelemnul_corpse_copse,
          cheibrodos_worm_habitat
D:7:      layout_loops_ring, kennysheep_okawaru_gauntlet,
          mainiacjoe_overflow_small_starburst, uniq_joseph
D:8:      layout_basic, uniq_gastronok
D:9:      layout_small_grid, grunt_temple_overflow_open, erik_orc_2,
          serial_shops, nicolae_inconvenience_store,
          corexii_hall_statues_deadend
Temple:   nicolae_temple_bog_church

Skill      XL: |  1  2  3  4  5  6  7  8  9 |
---------------+----------------------------+-----
Spellcasting   | 5 6 7 9 10 12 | 12.9
Armour         | 1 2 3 |  3.1
Conjurations   | 2 3 4 5 7 |  7.2
Fighting       | 1 2 3 |  3.0
Stealth        | 3 |  3.0
Dodging        | 3 |  3.1
Evocations     | 1 |  1.1
Ice Magic      | 1 |  1.2
Poison Magic   | 1 |  1.2
Air Magic      | 1 |  1.0
Summonings     | 3 4 6 |  6.3
Shields        | 1 |  1.9
Translocations | |  1.1

Action                   |  1- 3 |  4- 6 |  7- 9 | 10-12 || total
-------------------------+-------+-------+-------+-------++-------
Melee: Dagger            |     6 |    25 |    40 |       ||    71
       Punch             |       |     1 |       |       ||     1
       Quarterstaff      |       |       |    39 |    13 ||    52
 Cast: Magic Dart        |   117 |   149 |   184 |    11 ||   461
       Mephitic Cloud    |       |     5 |    25 |     4 ||    34
       Call Imp          |       |     1 |     7 |     1 ||     9
       Blink             |       |     1 |     6 |       ||     7
 Stab: Sleeping          |     2 |       |       |       ||     2
       Confused          |       |     1 |     7 |     2 ||    10
Armor: Robe              |     3 |    10 |    18 |       ||    31
       Steam dragon scal |       |       |     7 |     3 ||    10
Dodge: Dodged            |    11 |    32 |    93 |     5 ||   141

Table legend: (Time is in decaauts)
 A = Elapsed time spent in this place.
 B = Non-inter-level travel time spent in this place.
 C = Inter-level travel time spent in this place.
 D = Time resting spent in this place.
 E = Time spent auto-exploring this place.
 F = Levels seen in this place.
 G = Mean time per level.
                   A        B        C        D        E       F      G
               +--------+--------+--------+--------+--------+-----+--------+
         Total |   9853 |   9353 |    500 |    484 |   7450 |  10 |  985.3 |
       Dungeon |   9639 |   9161 |    478 |    484 |   7270 |   9 | 1071.0 |
        Temple |    214 |    192 |     22 |      0 |    180 |   1 |  214.0 |
               +--------+--------+--------+--------+--------+-----+--------+

Top non-repeatable levels by time:
     D:2: 1583 daAuts
     D:6: 1516 daAuts
     D:5: 1512 daAuts
     D:7: 1361 daAuts
     D:1: 1075 daAuts
     D:4: 955 daAuts
     D:3: 904 daAuts
     D:8: 705 daAuts
  Temple: 214 daAuts
     D:9: 23 daAuts
